 Dungeon Crawl Stone Soup version 0.29-a0-350-g7790a0e70a (webtiles) character file.

Game seed: 18439840131485798787

385 garrulousMonolith the Magician (level 7, -3/73 HPs)
             Began as a Djinni Air Elementalist on Apr 22, 2022.
             Was an Initiate of Qazlal.
             Slain by a killer bee (6 damage)
             ... on level 4 of the Dungeon on Apr 23, 2022.
             The game lasted 00:06:35 (4641 turns).

garrulousMonolith the Magician (DjAE)               Turns: 4641, Time: 00:06:35

Health: -3/73      AC: 23    Str:  7    XL:     7   Next: 6%
Gold:   221        EV:  2    Int: 19    God:    Qazlal [......] SH:  0 Dex: 13

rFire   . . .      SeeInvis .   u - staff of conjuration
rCold   . . .      Faith    .   (no shield)
rNeg    . . .      Spirit   .   (body armour currently unavailable)
rPois   ∞          Reflect  .   (helmet currently unavailable)
rElec   .          Harm     .   (cloak currently unavailable)
rCorr   .          Rampage  .   (gloves currently unavailable)
Will    .....      NoTele   +   (boots unavailable)
Stlth   ++........              (no amulet)
HPRegen 0.22/turn               (no ring)
MPRegen 0.00/turn               (no ring)

@: tree-form, hasted, very quick
A: stationary, stasis, torment immunity, boosted hp, sickness immunity, (fire
resistance 2), (cold vulnerability 1), float, innate caster, HP casting, extra
vitality 1
a: Renounce Religion


You were on level 4 of the Dungeon.
You worshipped Qazlal.
Qazlal was noncommittal.
You were a tree.
You visited 2 branches of the dungeon, and saw 5 of its levels.

You collected 221 gold pieces.

Inventory:

Hand Weapons
 l - a +0 dagger
 t - a +3 short sword
 x - a +0 hunting sling
Missiles
 y - 4 poisoned darts
Armour
 a - a +0 robe
 g - a +0 leather armour (melded)
Magical Staves
 u - a staff of conjuration (weapon)
Jewellery
 k - a +4 ring of slaying
Wands
 w - a wand of iceblast (12)
Scrolls
 c - 5 scrolls of identify {unknown}
 d - a scroll of blinking {unknown}
 f - a scroll of summoning {unknown}
 j - 3 scrolls of teleportation {unknown}
 m - 2 scrolls of noise {unknown}
 n - 2 scrolls of amnesia
 q - 2 scrolls of holy word {unknown}
 s - a scroll of immolation {unknown}
 v - a scroll of enchant weapon {unknown}
Potions
 b - a potion of lignification
 e - 3 potions of haste
 h - a potion of attraction {unknown}
 i - 2 potions of might {unknown}
 o - a potion of curing {unknown}
 p - a potion of mutation {unknown}
 r - a potion of heal wounds {unknown}


   Skills:
 + Level 2.3 Fighting
 * Level 2.1 Staves
 + Level 2.3 Armour
 + Level 3.4 Dodging
 - Level 1.5 Stealth
 * Level 3.7 Spellcasting
 + Level 1.4 Evocations


You couldn't memorise any spells.
You knew the following spells:

 Your Spells              Type           Power      Damage    Failure   Level
a - Shock                 Conj/Air       100%       1d9       3%          1
b - Static Discharge      Conj/Air       26%        N/A       4%          2
c - Swiftness             Air            17%        N/A       9%          3
d - Airstrike             Air            8%         N/A       30%         4
e - Pain                  Necr           68%        1d7       3%          1
f - Call Imp              Summ           17%        N/A       4%          2
g - Ozocubu's Armour      Ice            17%        N/A       9%          3
Your spell library was empty.

Dungeon Overview and Level Annotations

Branches:
Dungeon (4/15)             Temple (1/1) D:4

Altars:
Cheibriados
Elyvilon
Fedhas
Gozag
Hepliaklqana
Kikubaaqudgha
Makhleb
Nemelex Xobeh
Qazlal
Ru
Sif Muna
Uskayaw
Vehumet
Wu Jian
Yredelemnul
Lugonu

Shops:
D:1 =

Portals:
Abyss: D:3

Annotations:
D:4 2 runed translucent doors, Juicyj's ghost, amateur MfGl


Innate Abilities, Weirdness & Mutations

You are a tree.
Your roots penetrate the ground, keeping you stationary.
You cannot be teleported.
You are immune to unholy pain and torment.
Your maximum health is greatly increased.
Your equipment is partially melded.
You are immune to sickness and miasma.
You are immune to poison.
((Your flesh is very heat resistant. (rF++)))
((You are vulnerable to cold. (rC-)))
You float through the air rather than walking.
You learn spells naturally, not from books.
Your magical power is your life essence.
You have superior vitality. (+4 MHP)


Message History

Casting: Static Discharge (safe; 7% risk of failure)
Confirm with . or Enter, or press ? or * to list all spells.
You feel a surge of power!
The killer bee is struck by an arc of lightning.
You kill the killer bee!
Qazlal accepts your kill.
The killer bee is struck by an arc of lightning!
The killer bee is heavily wounded.
The lightning grounds out.
The killer bee is struck by an arc of lightning!
You kill the killer bee!
Qazlal accepts your kill.
The lightning grounds out.
The killer bee stings you.
* * * LOW HITPOINT WARNING * * *
Your Staves skill increases to level 2!
You have reached level 7!
The power to cast Ozocubu's Armour wells up from within.
Spell assigned to 'g'.
The killer bee misses you.
Casting: Static Discharge (safe; 7% risk of failure)
Confirm with . or Enter, or press ? or * to list all spells.
Aiming: Shock (safe; 4% risk of failure)
Press: ? - help, Shift-Dir - straight line You feel a surge of power!
The zap misses the killer bee.
The zap hits the killer bee.
The killer bee is severely wounded.
* * * LOW HITPOINT WARNING * * *
The killer bee misses you. The killer bee stings you!
* * * LOW HITPOINT WARNING * * *
It was a potion of haste.
You feel yourself speed up. The killer bee closely misses you.
The killer bee stings you.
* * * LOW HITPOINT WARNING * * *
Okay, then.
The killer bee attacks as you move away!
The killer bee stings you.
* * * LOW HITPOINT WARNING * * *
It was a potion of lignification.
You turn into a tree.
Your +0 leather armour melds into your body.
Your roots penetrate the ground.
The killer bee stings you.
You die...

######### ........#
........#############
........#....†..♣y..#
........#.#########$#
..........# #†.#
.........## #..##
......[..# #..#
........## #.#
........# ..
####.##########.#
##.8.###.......#
##.#.###


You could see a killer bee.

Vanquished Creatures
  A scorpion (D:3)
  3 killer bees (D:4)
  A jelly (D:4)
  An iguana (D:4)
  7 adders
  An ufetubus (D:4)
  A dart slug (D:1)
  An orc (D:3)
  7 ball pythons
  3 endoplasms
  2 giant cockroaches (D:1)
  7 goblins
  10 hobgoblins
  4 bats
  3 frilled lizards
  8 kobolds
  7 rats
  A spectral kobold (D:1)
  2 lurking horrors (D:3)
70 creatures vanquished.

Notes
Turn   | Place    | Note
-------+----------+-------------------------------------------
     0 | D:1      | garrulousMonolith the Djinni Air Elementalist began the
                  | quest for the Orb.
     0 | D:1      | Reached XP level 1. HP: 15/15 MP: 0/0
   130 | D:1      | Found Kybysch's Jewellery Boutique.
   201 | D:1      | Found a faded altar of an unknown god.
   481 | D:1      | Reached XP level 2. HP: 20/22 MP: 0/0
   972 | D:1      | Reached XP level 3. HP: 20/26 MP: 0/0
   972 | D:1      | Learned a level 1 spell: Pain
  1403 | D:2      | Reached skill level 1 in Armour
  1507 | D:2      | Reached skill level 1 in Fighting
  2121 | D:2      | Reached XP level 4. HP: 29/32 MP: 0/0
  2900 | D:3      | Found a stormy altar of Qazlal.
  2919 | D:3      | Became a worshipper of Qazlal Stormbringer
  2923 | D:3      | Reached XP level 5. HP: 36/38 MP: 0/0
  2923 | D:3      | Learned a level 2 spell: Call Imp
  2967 | D:3      | Found a hide-covered altar of Uskayaw.
  3011 | D:3      | Found a corrupted altar of Lugonu.
  3011 | D:3      | Found a one-way gate to the infinite horrors of the Abyss.
  3473 | D:3      | Reached skill level 1 in Staves
  4203 | D:4      | Found a large runed translucent door.
  4204 | D:4      | Found a large runed translucent door.
  4206 | D:4      | Noticed Juicyj's ghost (amateur MfGl)
  4228 | D:4      | Reached skill level 1 in Evocations
  4228 | D:4      | Reached XP level 6. HP: 39/43 MP: 0/0
  4270 | D:4      | Found a staircase to the Ecumenical Temple.
  4297 | Temple   | Entered the Ecumenical Temple
  4433 | D:4      | Found a basalt altar of Yredelemnul.
  4453 | D:4      | Found a snail-covered altar of Cheibriados.
  4636 | D:4      | Reached XP level 7. HP: 13/49 MP: 0/0
  4636 | D:4      | Learned a level 3 spell: Ozocubu's Armour
  4638 | D:4      | HP: 2/49 [killer bee (2)]
  4641 | D:4      | Slain by a killer bee

Illustrated notes

Levels and vault maps discovered:
D:1:      pf_arrival_petrified_forest, layout_loops_ring,
          dreamdust_ecumenical_altar_drowned_temple, serial_shops, shop,
          minmay_tetromino_t4
D:2:      layout_loops_cross
D:3:      layout_basic, mainiacjoe_overflow_24_doors,
          nicolae_qazlal_scattered_showers, minivault_4,
          amcnicky_altar_lugonu_corruption
D:4:      layout_rooms, gammafunk_temple_overflow_claw,
          minmay_temple_entry_statues_pillars, ebering_ghost_disaster_area
Temple:   zaba_magenta_temple

Skill      XL: |  1  2  3  4  5  6 |
---------------+-------------------+-----
Armour         | 1 2 |  2.3
Fighting       | 1 2 |  2.3
Spellcasting   | 3 |  3.7
Dodging        | 3 |  3.4
Staves         | 1 2 |  2.1
Evocations     | 1 |  1.4
Stealth        | |  1.5

Action                   |  1- 3 |  4- 6 |  7- 9 || total
-------------------------+-------+-------+-------++-------
 Cast: Shock             |    71 |    71 |     1 ||   143
       Static Discharge  |     2 |     3 |       ||     5
  Use: Scroll            |       |     1 |       ||     1
       Potion            |       |       |     2 ||     2
Armor: Robe              |     1 |       |       ||     1
       Leather armour    |     1 |     1 |       ||     2
Dodge: Dodged            |     7 |    12 |     3 ||    22

Table legend: (Time is in decaauts)
 A = Elapsed time spent in this place.
 B = Non-inter-level travel time spent in this place.
 C = Inter-level travel time spent in this place.
 D = Time resting spent in this place.
 E = Time spent auto-exploring this place.
 F = Levels seen in this place.
 G = Mean time per level.
                   A        B        C        D        E       F      G
               +--------+--------+--------+--------+--------+-----+--------+
         Total |   4638 |   4553 |     85 |    591 |   3564 |   5 |  927.6 |
       Dungeon |   4551 |   4485 |     66 |    591 |   3501 |   4 | 1137.8 |
        Temple |     86 |     67 |     19 |      0 |     63 |   1 |   86.0 |
               +--------+--------+--------+--------+--------+-----+--------+

Top non-repeatable levels by time:
     D:3: 1820 daAuts
     D:1: 1369 daAuts
     D:2: 921 daAuts
     D:4: 439 daAuts
  Temple: 86 daAuts
